 Dungeon Crawl Stone Soup version 0.22.1-1-ga44c0e5 (webtiles) character file.

206 dohliylev the Cudgeler (level 5, 0/79 HPs)
             Began as a Troll Berserker on Sept 26, 2018.
             Was a Priest of Trog.
             Slain by a worker ant (6 damage)
             ... on level 3 of the Dungeon.
             The game lasted 00:08:08 (2057 turns).

dohliylev the Cudgeler (Troll Berserker)            Turns: 2057, Time: 00:08:09

Health: 0/79       AC:  5    Str: 31    XL:     5   Next: 53%
Magic:  4/4        EV: 10    Int:  3    God:    Trog [***...]
Gold:   110        SH:  0    Dex:  9    Spells: 4/4 levels left

rFire    . . .     SeeInvis .   a - +0 mace
rCold    . . .     Gourm    +   (no shield)
rNeg     . . .     Faith    .   b - +0 animal skin
rPois    .         Spirit   .   (helmet restricted)
rElec    .         Reflect  .   (no cloak)
rCorr    .         Harm     .   (gloves unavailable)
MR       .....                  (boots unavailable)
Stlth    ..........             (no amulet)
HPRegen  0.63/turn              (no ring)
MPRegen  0.09/turn              (no ring)

@: berserking (expiring), lethally poisoned (0 -> -17), very quick
A: large, unfitting armour, claws 3, fast metabolism 3, gourmand, regeneration
1, shaggy fur 1, tough skin 2
a: Berserk, Trog's Hand, Renounce Religion


You were on level 3 of the Dungeon.
You worshipped Trog.
Trog was most pleased with you.
You were very full.

You visited 1 branch of the dungeon, and saw 3 of its levels.

You collected 110 gold pieces.

Inventory:

Hand Weapons
 a - a +0 mace (weapon)
Armour
 b - a +0 animal skin (worn)
Jewellery
 l - an uncursed ring of stealth {unknown}
Wands
 m - a wand of flame (31)
Scrolls
 d - a scroll of fear {unknown}
 f - a scroll of remove curse {unknown}
 g - 3 scrolls of amnesia {unknown}
 h - 2 scrolls of enchant armour {unknown}
 j - a scroll of identify {unknown}
 k - a scroll of teleportation {unknown}
Potions
 e - 2 potions of curing {unknown}
 n - 2 potions of flight {unknown}
Comestibles
 c - 7 rations
 i - 18 chunks of flesh


   Skills:
 + Level 3.3 Fighting
 + Level 4.5 Maces & Flails
 + Level 3.3 Dodging


You had 4 spell levels left.
You didn't know any spells.
Your spell library was empty.

Dungeon Overview and Level Annotations

Branches:
Dungeon (3/15)

Altars:
Nemelex Xobeh
Trog


Innate Abilities, Weirdness & Mutations

You are too large for most types of armour.
You have claws for hands.
Your metabolism is lightning-fast.
You like to eat raw meat.
Your natural rate of healing is unusually fast.
You are covered in fur. (AC +1)
You have very tough skin. (AC +2)


Message History

You kill the orc!
Trog accepts your kill.
* * * LOW HITPOINT WARNING * * *
You feel very sick. The rat bites you but does no damage.
The orc closely misses you.
The worker ant bites you but does no damage.
You are too berserk!
You barely miss the worker ant.
* * * LOW HITPOINT WARNING * * *
You feel sick. The rat bites you.
* * * LOW HITPOINT WARNING * * *
The orc misses you.
The worker ant waves its antennae.
The worker ant bites you.
* * * LOW HITPOINT WARNING * * *
You closely miss the rat.
* * * LOW HITPOINT WARNING * * *
You feel sick. The rat closely misses you. The orc closely misses you.
The worker ant bites you.
You die...

..#....#.###
#.#....#...#
######
#.##<#####.##
##...%.#.
#.##..# #..#
##........
..###.# ##.#
#.........
#..##.# #.#
#.........
......#
#.###.........
......#
#...#..)......
.###...#
###.#[@)......
.####..##
#..(oar......
.........
#.###).......
.............
#........
.####........
........# )#
.##....#
.......## ##
#..#. #......#
#####.##....
#...%...
#........
.#.###.......


You could see a worker ant, an orc and a rat.

Vanquished Creatures
  A jelly (D:3)
  2 orc priests (D:3)
  2 adders (D:2)
  2 oozes
  3 worms
  A dart slug (D:2)
  3 leopard geckos (D:2)
  11 orcs (D:3)
  3 giant cockroaches (D:1)
  9 goblins
  5 hobgoblins
  8 kobolds
  A quokka (D:2)
  8 bats
  4 frilled lizards
  7 rats
70 creatures vanquished.

Notes
Turn   | Place    | Note
-------+----------+-------------------------------------------
     0 | D:1      | dohliylev the Troll Berserker began the quest for the Orb.
     0 | D:1      | Reached XP level 1. HP: 22/22 MP: 0/0
   127 | D:1      | Reached XP level 2. HP: 29/29 MP: 1/1
   214 | D:1      | Reached skill level 3 in Maces & Flails
  1017 | D:2      | Found a faded altar of an unknown god.
  1113 | D:2      | Found a sparkling altar of Nemelex Xobeh.
  1118 | D:2      | Reached XP level 3. HP: 36/36 MP: 2/2
  1385 | D:2      | Reached ** piety under Trog
  1558 | D:2      | Reached XP level 4. HP: 44/44 MP: 3/3
  1851 | D:3      | Reached skill level 4 in Maces & Flails
  1959 | D:3      | Reached XP level 5. HP: 27/53 MP: 4/4
  2055 | D:3      | Reached *** piety under Trog
  2057 | D:3      | Slain by a worker ant

Skill      XL: |  1  2  3  4 |
---------------+-------------+-----
Maces & Flails | 3 4 |  4.5
Dodging        | 3 |  3.3
Fighting       | 3 |  3.3

Action                   |  1- 3 |  4- 6 || total
-------------------------+-------+-------++-------
Melee: Mace              |   134 |   106 ||   240
Invok: Berserk           |     1 |     1 ||     2
 Stab: Sleeping          |     3 |       ||     3
  Eat: Chunk             |    20 |     6 ||    26
Armor: Animal skin       |    70 |    36 ||   106
Dodge: Dodged            |    89 |    86 ||   175
